 Dungeon Crawl Stone Soup version 0.29.0-4-gdea44cf6ec (webtiles) character file.

Game seed: 17951678965593777780

35 qw the Sneak (level 3, -4/28 HPs)
             Began as a Ghoul Enchanter on Sept 6, 2022.
             Slain by Sigmund
             ... wielding a +0 scythe
              (6 damage)
             ... on level 2 of the Dungeon.
             The game lasted 00:00:44 (1701 turns).

qw the Sneak (Ghoul Enchanter)                      Turns: 1701, Time: 00:00:45

Health: -4/28      AC:  5    Str: 13    XL:     3   Next: 35%
Magic:  4/4        EV: 10    Int: 10    God:
Gold:   57         SH:  5    Dex:  9    Spells: 5/5 levels left

rFire   . . .      SeeInvis .   Y - +0 spear
rCold   + . .      Faith    .   (no shield)
rNeg    + + +      Spirit   .   a - +0 ring mail
rPois   inf        Reflect  +   (no helmet)
rElec   .          Harm     .   (no cloak)
rCorr   .          Rampage  .   (no gloves)
Will    .....                   (no boots)
Stlth   +.........              l - amulet of reflection
HPRegen 0.00/turn               (no ring)
MPRegen 0.09/turn               (no ring)

@: inhibited regen
A: claws 1, cold resistance 1, negative energy resistance 3, inhibited
regeneration, torment resistance 2, devour on kill
a: no special abilities


You were on level 2 of the Dungeon.
You visited 1 branch of the dungeon, and saw 2 of its levels.

You collected 57 gold pieces.


Innate Abilities, Weirdness & Mutations

You are immune to poison.
You have sharp fingernails.
Your flesh is cold resistant. (rC+)
You are immune to negative energy. (rN+++)
You do not regenerate when monsters are visible.
You are immune to unholy pain and torment.
You thrive by killing the living.


   Skills:
 + Level 1.2 Fighting
 - Level 0.8 Short Blades
 - Level 2.2 Axes
 - Level 1.7 Dodging
 - Level 3.2 Stealth
 - Level 1.7 Spellcasting
 - Level 2.4 Hexes


You had 5 spell levels left.
You didn't know any spells.
Your spell library contained the following spells:

 Spells                   Type           Power      Damage    Failure   Level
 Ensorcelled Hibernation  Hex/Ice        6%         N/A       54%         2
 Confusing Touch          Hex            5%         N/A       61%         3
 Tukima's Dance           Hex            5%         N/A       61%         3
 Dazzling Flash           Conj/Hex       6%         N/A       78%         3

Inventory:

Hand Weapons
 Y - a +0 spear (weapon)
Armour
 a - a +0 ring mail (worn)
Jewellery
 l - an amulet of reflection (around neck)
Potions
 n - a potion of heal wounds {unknown}
 o - a potion of mutation {unknown}
 p - a potion of cancellation {unknown}

Dungeon Overview and Level Annotations

Branches:
Dungeon (2/15)

Altars:

Annotations:
D:2 Sigmund


Message History

You block something's attack.
You hit something.
You hear some strange, mumbled words.
A puff of flame appears from out of thin air!
The puff of flame hits you.
You hit something. Something hits you but does no damage.
You hit something. Something hits you.
You miss something. You barely miss something. Something hits you.
You closely miss something.
You hear some strange, mumbled words.
You are confused.
1692 ||| DRINKING potion of curing.
You feel better.
1692 ||| (to cure confusion)
Something hits you but does no damage.
You completely miss something. You barely miss something.
You hear some strange, mumbled words.
A magic dart appears from out of thin air!
The magic dart hits you!
You miss something. Something hits you but does no damage.
You barely miss something.
You hear some strange, mumbled words.
Something tries to affect you, but you resist.
You closely miss something. Something hits you but does no damage.
You closely miss something. You completely miss something.
You hear some strange, mumbled words.
A magic dart appears from out of thin air!
The magic dart hits you.
You miss something. Something hits you.
You hit something. Something hits you.
You die...

#############
#...........#
##...........##
.......{.......
...>...@.....##
###.#.........#
#.#<......#
#.######### #


There were no monsters in sight!

Vanquished Creatures
  An adder (D:1)
  6 bats (D:1)
  3 endoplasms
  A giant cockroach (D:1)
  3 goblins (D:1)
  A hobgoblin (D:1)
  4 ball pythons (D:1)
  3 kobolds (D:1)
  A rat (D:1)
23 creatures vanquished.

Notes
Turn   | Place    | Note
-------+----------+-------------------------------------------
     0 | D:1      | qw the Ghoul Enchanter began the quest for the Orb.
     0 | D:1      | Reached XP level 1. HP: 14/14 MP: 2/2
     0 | D:1      | 0 ||| qw: Version: 0.1-a-108-g9e35731
     0 | D:1      | 0 ||| qw: Game counter: 6220
     0 | D:1      | 0 ||| qw: Always use a shield: true
     0 | D:1      | 0 ||| qw: God list: Okawaru
     0 | D:1      | 0 ||| qw: Allow faded altars: false
     0 | D:1      | 0 ||| qw: Do Orc after D:15 true
     0 | D:1      | 0 ||| qw: Do second Lair branch before Depths: true
     0 | D:1      | 0 ||| qw: Lair rune preference: random
     0 | D:1      | 0 ||| qw: Plans: Normal
     0 | D:1      | 0 ||| PLANNING D:1-11
    67 | D:1      | Reached skill level 1 in Axes
   252 | D:1      | Reached XP level 2. HP: 22/22 MP: 3/3
   267 | D:1      | Reached skill level 1 in Fighting
   283 | D:1      | 283 ||| SWAPPING to +0 club.
   284 | D:1      | 284 ||| DROPPING +1 dagger.
   475 | D:1      | 475 ||| SWAPPING to +0 spear.
   476 | D:1      | 476 ||| DROPPING +0 club.
  1118 | D:1      | Reached XP level 3. HP: 18/28 MP: 4/4
  1447 | D:1      | 1447 ||| UPGRADING to +0 ring mail.
  1457 | D:1      | 1457 ||| DROPPING +0 robe.
  1458 | D:1      | 1458 ||| DROPPING +2 robe of cold resistance.
  1459 | D:1      | 1459 ||| DROPPING scarf of harm.
  1460 | D:1      | 1460 ||| DROPPING amulet of magic regeneration.
  1461 | D:1      | 1461 ||| UPGRADING to amulet of reflection.
  1466 | D:1      | 1466 ||| READING scroll labelled MAWYSICWAS.
  1467 | D:1      | 1467 ||| READING scroll labelled BOYCUWELUN.
  1468 | D:1      | 1468 ||| READING 2 scrolls labelled FIYLYG SIDWE.
  1469 | D:1      | 1469 ||| READING scroll labelled COOHET BEROQU.
  1470 | D:1      | 1470 ||| DRINKING 2 blue potions.
  1471 | D:1      | 1471 ||| DROPPING 2 potions of invisibility.
  1472 | D:1      | 1472 ||| DROPPING scroll of fog.
  1502 | D:2      | Noticed Sigmund
  1504 | D:2      | 1504 ||| STAIRDANCE
  1517 | D:2      | 1517 ||| STAIRDANCE
  1692 | D:2      | 1692 ||| DRINKING potion of curing.
  1692 | D:2      | 1692 ||| (to cure confusion)
  1699 | D:2      | HP: 4/28 [something/magic dart (6)]
  1701 | D:2      | Slain by Sigmund

Levels and vault maps discovered:
D:1:      dpeg_arrival_rhombi, layout_loops_ring
D:2:      layout_basic, dreamdust_ecumenical_altar_hidden_monk_grotto,
          basic_altar, chequers_serial_rivers_large_a, kennysheep_jessica_study,
          uniq_robin, uniq_sigmund

Skill      XL: |  1  2  3 |
---------------+----------+-----
Axes           | 1 2 |  2.2
Fighting       | 1 |  1.2
Short Blades   | |  0.8
Dodging        | |  1.7
Stealth        | |  3.2
Spellcasting   | |  1.7
Hexes          | |  2.4

Action                   || total
-------------------------++-------
Melee: Dagger            ||    23
       Punch             ||     1
       Spear             ||    80
       Club              ||    11
  Use: Scroll            ||     4
       Potion            ||     2
 Stab: Sleeping          ||     3
Armor: Robe              ||    19
       Ring mail         ||     8
Dodge: Dodged            ||    45
Block: Other             ||     5

Table legend:
 A = Non-vault XP
 B = Vault XP
 C = Vault XP percentage of total XP
 D = Non-vault monster count
 E = Vault monster count
 F = Vault count percentage of total count
                 A         B        C        D         E       F
            +---------+---------+-------+---------+---------+-------
      Total |      51 |       0 |   0.0 |      23 |       0 |   0.0
            +---------+---------+-------+---------+---------+-------
        D:1 |      49 |       0 |   0.0 |      22 |       0 |   0.0
        D:2 |       2 |       0 |   0.0 |       1 |       0 |   0.0
            +---------+---------+-------+---------+---------+-------
